 Dungeon Crawl Stone Soup version 0.21.1-1-g345015f (webtiles) character file.

6258 letownia2 the Destroyer (level 10, -10/58 HPs)
             Began as a Tengu Wizard on Mar 5, 2018.
             Was a High Priest of Cheibriados.
             Killed from afar by an electric eel (13 damage)
             ... with a bolt of electricity
             ... on level 11 of the Dungeon.
             The game lasted 00:35:01 (4698 turns).

letownia2 the Destroyer (Tengu Wizard)              Turns: 4698, Time: 00:35:02

Health: -10/58     AC:  8    Str: 21    XL:     10   Next: 93%
Magic:  18/20      EV: 15    Int: 34    God:    Cheibriados [*****.]
Gold:   246        SH:  0    Dex: 26    Spells: 5/21 levels left

rFire    . . .     SeeInvis +   a - +2 short sword (drain)
rCold    . . .     Gourm    .   (no shield)
rNeg     . . .     Faith    .   T - +1 ring mail {MR+}
rPois    .         Spirit   .   b - +0 hat
rElec    .         Reflect  .   v - +0 cloak
rCorr    .         Harm     .   (no gloves)
MR       +....                  (boots unavailable)
Stlth    ++........             H - amulet of magic regeneration
HPRegen  0.19/turn              (no ring)
MPRegen  0.42/turn              M - ring of see invisible

@: engulfed (cannot breathe), very slow
A: beak, talons 3, able to fly 1
a: Fly, Bend Time, Temporal Distortion, Slouch, Step From Time, Renounce
Religion


You were on level 11 of the Dungeon.
You worshipped Cheibriados.
Cheibriados was extremely pleased with you.
You were not hungry.

You visited 2 branches of the dungeon, and saw 12 of its levels.
You also visited: Ossuary.

You collected 246 gold pieces.

Inventory:

Hand Weapons
 a - a +2 short sword of draining (weapon)
 A - a +0 dagger of freezing
 S - a +1 flail of protection
 U - a +1 dagger of venom
Missiles
 C - 9 tomahawks
 J - a throwing net (quivered)
Armour
 b - a +0 hat (worn)
 v - a +0 cloak (worn)
 N - a +1 scale mail of cold resistance
 T - a +1 ring mail of magic resistance (worn)
Magical Staves
 k - an uncursed staff of energy
Jewellery
 H - an amulet of magic regeneration (around neck)
 M - a ring of see invisible (right hand)
Wands
 o - a wand of enslavement (13)
 w - a wand of iceblast (11)
 B - a wand of flame (19)
 O - a wand of disintegration (39)
Scrolls
 e - a scroll of fear {unknown}
 f - 2 scrolls of identify
 h - 4 scrolls of teleportation {unknown}
 j - a scroll of enchant armour {unknown}
 l - 2 scrolls of magic mapping {unknown}
 m - 4 scrolls of enchant weapon {unknown}
 r - 2 scrolls of noise {unknown}
 t - a scroll of amnesia {unknown}
 u - 2 scrolls of remove curse
 y - a scroll of random uselessness {unknown}
 L - 2 scrolls of fog {unknown}
Potions
 g - a potion of cancellation
 i - a potion of mutation
 n - 2 potions of berserk rage
 p - a potion of flight
 s - a potion of brilliance
 x - a potion of magic
 z - a potion of invisibility
 E - a potion of heal wounds
 I - 2 potions of ambrosia
 P - a potion of curing
 Q - a potion of agility
Books
 c - a book of Minor Magic

   Spells                             Type                      Level
   a - Magic Dart                     Conjuration                  1
   b - Blink                          Translocation                2
   c - Call Imp                       Summoning                    2
   d - Slow                           Hexes                        2
   e - Conjure Flame                  Conjuration/Fire             3
   f - Mephitic Cloud                 Conjuration/Poison/Air       3
 F - a book of Power

   Spells                             Type                      Level
   a - Iskenderun's Battlesphere      Conjuration/Charms           5
   b - Venom Bolt                     Conjuration/Poison           5
   c - Bolt of Magma                  Conjuration/Fire/Earth       5
   d - Iron Shot                      Conjuration/Earth            6
   e - Orb of Destruction             Conjuration                  7
   f - Spellforged Servitor           Conjuration/Summoning        7
 G - a book of Callings

   Spells                             Type                      Level
   a - Summon Small Mammal            Summoning                    1
   b - Call Imp                       Summoning                    2
   c - Call Canine Familiar           Summoning                    3
   d - Summon Guardian Golem          Hexes/Summoning              3
   e - Summon Lightning Spire         Summoning/Air                4
   f - Summon Ice Beast               Ice/Summoning                4
Comestibles
 d - 16 rations


   Skills:
 - Level 4.8 Fighting
 - Level 3.8 Armour
 - Level 4.7 Dodging
 - Level 2.0 Stealth
 - Level 6.0 Spellcasting
 + Level 11.5 Conjurations
 - Level 4.8 Charms
 - Level 2.5 Summonings
 - Level 2.2 Translocations
 - Level 3.1 Fire Magic
 - Level 4.3 Air Magic
 + Level 4.1 Invocations


You had 5 spell levels left.
You knew the following spells:

 Your Spells              Type           Power        Failure   Level  Hunger
a - Magic Dart            Conj           ####         1%          1    None
b - Blink                 Tloc           N/A          3%          2    None
c - Conjure Flame         Conj/Fire      ######..     1%          3    None
e - Mephitic Cloud        Conj/Pois/Air  #####...     2%          3    None
i - Call Imp              Summ           ####....     3%          2    None
k - Iskenderun's Battles  Conj/Chrm      ######..     6%          5    ####...


Dungeon Overview and Level Annotations

Branches:
Dungeon (11/15)              Lair (0/6) D:11            Orc (1/2) D:9
 Temple: D:4-7

Altars:
Cheibriados
Trog
Uskayaw
Xom
Zin


Innate Abilities, Weirdness & Mutations

You have a beak for a mouth.
You have claws for feet.
You can fly.


Message History

The electric eel shoots out a bolt of lightning at you!
The bolt of electricity hits you!
The electric eel shoots out a bolt of lightning at you!
The bolt of electricity misses you. The water elemental hits you.
The water elemental engulfs you in water!
The electric eel shoots out a bolt of lightning at you!
The bolt of electricity hits you! The water elemental hits you!
* * * LOW HITPOINT WARNING * * *
The wolf howls!
Found a staircase to the Lair. 3 hounds come into view.
Unknown command.
Okay, then.
You fail to use your ability.
* * * LOW HITPOINT WARNING * * *
Your lungs strain for air!
The hound barks! x2
The electric eel shoots out a bolt of lightning at you!
The bolt of electricity hits you!
You die...

#........#########.. #
+........'.......... .###
#........####$####.##....
#.......># #........[...
#......).# #............
#####+#### ##.≈≈..≈≈.≈.≈
#....≈≈≈.≈.≈ #..EW;≈≈.≈.≈
#..@≈≈≈≈.≈≈≈ #.≈..;≈h.≈≈≈
#..≈≈Thh.≈≈≈ #..≈≈≈≈≈.h≈≈
#.≈≈≈≈hhh..≈ .≈≈≈;≈≈.h..≈
##≈≈≈≈≈≈..... #≈≈≈≈≈≈.>.≈


You could see a water elemental, a troll, a hungry ghost, 2 wolves, 6 hounds and
3 electric eels.

Vanquished Creatures
  A two-headed ogre (D:9)
  Joseph (D:9)
  A centaur skeleton (D:7)
  A troll (D:9)
  3 yaks (D:9)
  A shadow (D:8)
  2 steam dragons (D:6)
  A hungry ghost (D:7)
  A warg (D:9)
  Duvessa (D:5)
  2 orc warriors
  A necrophage (D:8)
  2 sky beasts
  A phantom (D:9)
  6 ogres
  A centaur (D:7)
  A crocodile (D:9)
  3 elf zombies (Ossuary)
  9 bullfrogs
  Dowan (D:5)
  A scorpion (D:5)
  2 howler monkeys (D:9)
  4 crimson imps
  2 jellies (D:9)
  5 centaur zombies
  5 orc priests
  5 human zombies (Ossuary)
  9 orc wizards
  4 worker ants
  3 mummies (Ossuary)
  A hound skeleton (D:5)
  16 gnolls
  13 adders
  2 shadow imps
  An adder skeleton (D:7)
  A worm (D:2)
  5 leopard geckos
  44 orcs
  4 bats
  3 giant cockroaches
  9 goblins
  9 hobgoblins
  10 jackals
  5 kobolds
  2 quokkas
  A ball python (D:2)
  3 frilled lizards
  6 rats
  A butterfly (D:6)
216 creatures vanquished.

Vanquished Creatures (others)
  A hippogriff (D:6)
1 creature vanquished.

Grand Total: 217 creatures vanquished

Notes
Turn   | Place    | Note
-------+----------+-------------------------------------------
     0 | D:1      | letownia2 the Tengu Wizard began the quest for the Orb.
     0 | D:1      | Reached XP level 1. HP: 10/10 MP: 5/5
    57 | D:1      | Reached skill level 2 in Conjurations
   123 | D:1      | Reached XP level 2. HP: 10/15 MP: 0/7
   132 | D:1      | Learned a level 2 spell: Call Imp
   193 | D:1      | Reached skill level 3 in Conjurations
   537 | D:2      | Found a snail-covered altar of Cheibriados.
   562 | D:2      | Reached XP level 3. HP: 17/19 MP: 5/8
   567 | D:2      | Learned a level 3 spell: Mephitic Cloud
   602 | D:2      | Reached skill level 4 in Conjurations
   624 | D:2      | Found a hide-covered altar of Uskayaw.
   679 | D:2      | Found a glowing silver altar of Zin.
   730 | D:2      | Became a worshipper of Cheibriados the Contemplative
   823 | D:3      | Reached skill level 1 in Air Magic
   869 | D:3      | Reached XP level 4. HP: 24/24 MP: 1/9
  1005 | D:3      | Reached * piety under Cheibriados
  1050 | D:4      | Learned a level 3 spell: Conjure Flame
  1055 | D:4      | Found a sand-covered staircase.
  1109 | D:4      | Noticed an ogre
  1125 | D:4      | Killed an ogre
  1125 | D:4      | Gained mutation: You can fly. [Tengu growth]
  1125 | D:4      | Reached XP level 5. HP: 21/28 MP: 1/10
  1177 | Ossuary  | Entered an ossuary
  1193 | Ossuary  | Reached skill level 1 in Fighting
  1193 | Ossuary  | Reached skill level 1 in Armour
  1193 | Ossuary  | Reached skill level 5 in Conjurations
  1193 | Ossuary  | Reached XP level 6. HP: 21/34 MP: 7/11
  1260 | Ossuary  | Learned a level 2 spell: Blink
  1310 | Ossuary  | Reached skill level 6 in Conjurations
  1314 | Ossuary  | Reached XP level 7. HP: 36/40 MP: 5/12
  1497 | Ossuary  | Reached skill level 7 in Conjurations
  1647 | D:3      | Reached ** piety under Cheibriados
  2410 | D:4      | Reached XP level 8. HP: 22/48 MP: 5/13
  2497 | D:5      | Entered Level 5 of the Dungeon
  2551 | D:5      | Noticed Dowan
  2552 | D:5      | Noticed Duvessa
  2569 | D:5      | Killed Duvessa
  2572 | D:5      | Killed Dowan
  2637 | D:4      | Reached *** piety under Cheibriados
  2814 | D:5      | Reached skill level 8 in Conjurations
  2952 | D:6      | Found a bloodstained altar of Trog.
  2999 | D:7      | Reached skill level 1 in Translocations
  3325 | D:6      | Noticed a hippogriff
  3342 | D:6      | HP: 2/48 [steam dragon/ball of steam (20)]
  3348 | D:6      | Killed a hippogriff
  3348 | D:6      | Reached XP level 9. HP: 19/53 MP: 2/16
  3515 | D:6      | Reached **** piety under Cheibriados
  3560 | D:6      | Learned a level 5 spell: Iskenderun's Battlesphere
  3645 | D:7      | Found a shimmering altar of Xom.
  3663 | D:7      | Reached skill level 1 in Charms
  3931 | D:8      | Reached skill level 9 in Conjurations
  4036 | D:9      | Reached skill level 5 in Spellcasting
  4036 | D:9      | Reached XP level 10. HP: 52/58 MP: 18/18
  4049 | D:9      | Reached ***** piety under Cheibriados
  4117 | D:9      | Reached skill level 10 in Conjurations
  4182 | D:9      | Found a staircase to the Orcish Mines.
  4203 | Orc:1    | Entered Level 1 of the Orcish Mines
  4203 | Orc:1    | Noticed an orc knight
  4297 | D:9      | Reached skill level 1 in Invocations
  4325 | D:9      | Noticed a two-headed ogre
  4330 | D:9      | Noticed Joseph
  4339 | D:9      | Killed a two-headed ogre
  4344 | D:9      | Reached skill level 11 in Conjurations
  4353 | D:9      | Killed Joseph
  4494 | D:10     | Entered Level 10 of the Dungeon
  4697 | D:11     | Found a staircase to the Lair.
  4698 | D:11     | Killed from afar by an electric eel

Skill      XL: |  1  2  3  4  5  6  7  8  9 10 |
---------------+-------------------------------+-----
Conjurations   | 2 3 4 5 6 7 8 9 11 | 11.5
Air Magic      | 1 2 3 4 |  4.3
Fire Magic     | 3 |  3.1
Fighting       | 1 2 4 |  4.8
Armour         | 1 2 3 |  3.8
Spellcasting   | 4 5 6 |  6.0
Translocations | 2 |  2.2
Dodging        | 3 4 |  4.7
Summonings     | 2 |  2.5
Charms         | 4 |  4.8
Invocations    | 4 |  4.1
Stealth        | |  2.0

Action                   |  1- 3 |  4- 6 |  7- 9 | 10-12 || total
-------------------------+-------+-------+-------+-------++-------
Melee: Unarmed           |    13 |       |       |       ||    13
       Kick              |     8 |    18 |    54 |    51 ||   131
       Dagger            |    25 |    35 |   168 |    46 ||   274
       Peck              |     5 |     6 |    33 |    31 ||    75
       Short sword       |       |       |       |    46 ||    46
Throw: Throwing net      |       |       |     5 |     1 ||     6
       Tomahawk          |       |       |     2 |       ||     2
 Cast: Magic Dart        |    60 |    36 |   218 |    42 ||   356
       Mephitic Cloud    |       |     2 |    22 |     8 ||    32
       Conjure Flame     |       |     3 |    13 |     7 ||    23
       Iskenderun's Batt |       |       |     1 |     7 ||     8
       Blink             |       |       |       |     5 ||     5
Evoke: Wand              |       |       |    22 |       ||    22
  Use: Potion            |       |     2 |     8 |       ||    10
       Scroll            |       |       |     2 |     7 ||     9
 Stab: Sleeping          |     1 |     1 |     1 |       ||     3
       Confused          |       |     1 |     3 |     1 ||     5
  Eat: Chunk             |       |     1 |     6 |     4 ||    11
Armor: Robe              |     8 |     3 |     1 |       ||    12
       Ring mail         |       |       |    69 |    23 ||    92
       Skin              |       |       |    26 |       ||    26
Dodge: Dodged            |    29 |    21 |   109 |   122 ||   281
